 Dungeon Crawl Stone Soup version 0.24-a0-284-g9fb9971 (webtiles) character file.

Game seed: 16698285798917248549

92 mhoghedin the Sneak (level 4, -8/33 HPs)
             Began as a Demigod Enchanter on May 5, 2019.
             Mangled by a gnoll
             ... wielding a +0 club
              (9 damage)
             ... on level 2 of the Dungeon.
             The game lasted 00:05:11 (2638 turns).

mhoghedin the Sneak (Demigod Enchanter)             Turns: 2638, Time: 00:05:12

Health: -8/33      AC:  4    Str: 11    XL:     4   Next: 13%
Magic:  2/9        EV: 12    Int: 21    God:
Gold:   95         SH:  0    Dex: 16    Spells: 3/6 levels left

rFire    . . .     SeeInvis .   a - +1 dagger
rCold    . . .     Gourm    .   (no shield)
rNeg     . . .     Faith    .   b - +0 robe
rPois    .         Spirit   .   (no helmet)
rElec    .         Reflect  .   g - +1 cloak
rCorr    .         Harm     .   (no gloves)
MR       .....                  (no boots)
Stlth    +++.......             (no amulet)
HPRegen  0.11/turn              (no ring)
MPRegen  0.11/turn              (no ring)

@: very slightly contaminated
A: high mp 1
a: no special abilities


You were on level 2 of the Dungeon.
You were not hungry.

You visited 1 branch of the dungeon, and saw 2 of its levels.

You collected 95 gold pieces.

Inventory:

Hand Weapons
 a - a +1 dagger (weapon)
 l - a +0 hunting sling of flaming
   (You found it on level 2 of the Dungeon)
Missiles
 h - 5 stones (quivered)
Armour
 b - a +0 robe (worn)
 g - a +1 cloak (worn)
   (You found it on level 1 of the Dungeon)
Jewellery
 c - a +3 ring of intelligence {unknown}
   (You found it on level 2 of the Dungeon)
Potions
 e - a potion of lignification {unknown}
 f - a potion of flight {unknown}
 i - a potion of brilliance {unknown}
 j - a potion of heal wounds
 k - a potion of cancellation {unknown}
Comestibles
 d - 2 rations


   Skills:
 + Level 2.7 Short Blades
 - Level 1.7 Dodging
 + Level 4.0 Stealth
 - Level 1.7 Spellcasting
 - Level 2.6 Hexes


You had 3 spell levels left.
You knew the following spells:

 Your Spells              Type           Power        Failure   Level  Hunger
a - Ensorcelled Hibernat  Hex/Ice        #.....       13%         2    ###....
v - Corona                Hex            ##.....      4%          1    #......

Your spell library contained the following spells:

 Spells                   Type           Power        Failure   Level  Hunger
 Confuse                  Hex            ##......     16%         3    ###....
 Tukima's Dance           Hex            ##......     16%         3    ###....
 Dazzling Spray           Conj/Hex       #.....       26%         3    ###....


Dungeon Overview and Level Annotations

Branches:
Dungeon (2/15)


Innate Abilities, Weirdness & Mutations

You have an increased reservoir of magic. (+10% MP)


Message History

l - a +0 hunting sling of flaming (weapon)
As you read the scroll labeled AVODAD XEIRCH, it crumbles to dust.
You feel aware of your surroundings.
You sensed 1 altar.
It was a scroll of magic mapping.
A ball python comes into view.
A ball python is nearby!
Search for what [Enter for "sling", or ? for help]? stone A ball python is nearby!
Your +0 hunting sling of flaming stops flaming.
a - a +1 dagger (weapon)
The ball python hisses angrily.
You hit the ball python.
You kill the ball python!
No target in view!
Search for what [Enter for "stone", or ? for help]?
You enter the shallow water.
Moving in this stuff is going to be slow.
Things that are here:
a stone; a rat skeleton
h - a stone
h - 2 stones (gained 1)
h - 3 stones (gained 1)
h - 5 stones (gained 2)
Found a stone staircase leading down.
Search for what [Enter for "stone", or ? for help]? bullet Can't find anything matching that. 3 gnolls come into view.
The gnoll shouts! x3
You completely miss the gnoll. The gnoll barely misses you.
The gnoll hits you with a +0 club.
You take 5 damage, and have 28/33 hp.
Aim: a gnoll, wielding a +0 flail (chance to defeat MR: 48%)
The gnoll looks drowsy...
The gnoll shouts!
You now have 7/9 mp.
You hit the gnoll but do no damage. The gnoll closely misses you.
Aim: a gnoll, wielding a +0 club (chance to defeat MR: 48%)
The gnoll is unaffected.
You now have 5/9 mp.
The gnoll barely misses you.
You barely miss the gnoll. The gnoll completely misses you.
You hit the gnoll. The gnoll barely misses you.
You hit the gnoll. You hit the gnoll. The gnoll hits you with a +0 club.
You take 5 damage, and have 24/33 hp.
You hit the gnoll but do no damage. The gnoll closely misses you.
You hit the gnoll. The gnoll hits you but does no damage.
You hit the gnoll. The gnoll hits you with a +0 club.
You take 2 damage, and have 23/33 hp.
You hit the gnoll but do no damage. You hit the gnoll but do no damage.
The gnoll hits you with a +0 club.
You take 3 damage, and have 20/33 hp.
You hit the gnoll but do no damage. The gnoll barely misses you.
You hit the gnoll. The gnoll barely misses you.
Aim: a gnoll, wielding a +0 club (almost dead, chance to defeat MR: 48%)
The gnoll looks drowsy...
You now have 5/9 mp.
The helpless gnoll fails to defend itself.
You impale the gnoll!!
You kill the gnoll!
Your Stealth skill increases to level 4!
The gnoll hits you but does no damage.
You see here a +0 club.
Aim: a gnoll, wielding a +0 flail (chance to defeat MR: 48%)
You miscast Ensorcelled Hibernation.
You are very lightly contaminated with residual magic.
You feel off-balance for a moment. The gnoll closely misses you.
You now have 3/9 mp.
Aim: a gnoll, wielding a +0 flail (chance to defeat MR: 48%)
The gnoll resists with some effort.
The gnoll hits you but does no damage.
You now have 1/9 mp.
You hit the gnoll. The gnoll misses you.
You barely miss the gnoll. You hit the gnoll but do no damage.
The gnoll completely misses you.
You barely miss the gnoll. The gnoll closely misses you.
You hit the gnoll but do no damage. The gnoll barely misses you.
You hit the gnoll but do no damage.
Aim: a gnoll, wielding a +0 flail (moderately wounded, chance to defeat MR: 48%)
The gnoll resists with some effort.
The gnoll misses you.
You now have 0/9 mp.
You hit the gnoll. The gnoll completely misses you.
You barely miss the gnoll. The gnoll hits you with a +0 flail.
You take 6 damage, and have 15/33 hp.
You hit the gnoll. You closely miss the gnoll.
The gnoll hits you with a +0 flail!
* * * LOW HITPOINT WARNING * * *
You take 7 damage, and have 9/33 hp.
MASSIVE DAMAGE!!
The gnoll barely misses you. The gnoll hits you with a +0 club.
* * * LOW HITPOINT WARNING * * *
The gnoll hits you with a +0 flail.
* * * LOW HITPOINT WARNING * * *
You take 9 damage, and have 1/33 hp.
MASSIVE DAMAGE!!
Unknown command.
You barely miss the gnoll. The gnoll closely misses you.
You hit the gnoll but do no damage. The gnoll closely misses you.
The gnoll hits you with a +0 club!
You die...

............#.......#........###.
##..................#.≈..[.......
>.....................≈..........
..............######.≈≈......<...
..............# #.≈≈##....#....
..............# #..≈##....#....
..####.###....#####..≈##....###..
........).......g...≈≈........+..
....##.###.....g@...≈≈###.#####..
....#.....####.....≈≈.###.#####..
....#.....# #....≈≈≈.........#..
....#.....####.....≈#.........#..
....#.....#...................#..
...##.....#.....#.............#..
...*#.....#.....#......##.#######
.##*#.....#.....#......##......##
.,,,#.....#.....#......##........


You could see 2 gnolls.

Vanquished Creatures
  A worker ant (D:2)
  An adder (D:2)
  A gnoll (D:2)
  A worm (D:2)
  3 dart slugs
  A ball python (D:2)
  4 bats (D:1)
  A giant cockroach (D:1)
  10 goblins
  6 hobgoblins
  4 kobolds
  2 frilled lizards
  5 rats
40 creatures vanquished.

Notes
Turn   | Place    | Note
-------+----------+-------------------------------------------
     0 | D:1      | mhoghedin the Demigod Enchanter began the quest for the
                  | Orb.
     0 | D:1      | Reached XP level 1. HP: 14/14 MP: 5/5
    40 | D:1      | Reached skill level 1 in Short Blades
   286 | D:1      | Reached skill level 3 in Stealth
   537 | D:1      | Reached XP level 2. HP: 20/20 MP: 5/7
   854 | D:1      | Learned a level 2 spell: Ensorcelled Hibernation
  1417 | D:1      | Reached skill level 2 in Short Blades
  1425 | D:1      | HP: 3/20 [hobgoblin/+0 club (3)]
  1999 | D:2      | Reached XP level 3. HP: 18/26 MP: 3/8
  2470 | D:2      | Reached XP level 4. HP: 33/33 MP: 9/9
  2611 | D:2      | Reached skill level 4 in Stealth
  2636 | D:2      | HP: 6/33 [gnoll/+0 club (4)]
  2636 | D:2      | HP: 1/33 [gnoll/+0 flail (5)]
  2638 | D:2      | Mangled by a gnoll

Levels and vault maps discovered:
D:1:      dpeg_arrival_shrine, layout_loops_corners, serial_bayou_pond_d
D:2:      wander_river, layout_basic, lemuel_round_altar, serial_rivers,
          chequers_serial_rivers_micro_d, chequers_serial_rivers_micro_b,
          chequers_serial_rivers_micro_c, chequers_serial_rivers_small_a,
          chequers_serial_rivers_micro_a

Skill      XL: |  1  2  3  4 |
---------------+-------------+-----
Short Blades   | 1 2 |  2.7
Stealth        | 3 4 |  4.0
Dodging        | |  1.7
Spellcasting   | |  1.7
Hexes          | |  2.6

Action                   |  1- 3 |  4- 6 || total
-------------------------+-------+-------++-------
Melee: Dagger            |   108 |    27 ||   135
 Cast: Corona            |    10 |       ||    10
       Ensorcelled Hiber |    10 |     5 ||    15
  Use: Scroll            |     2 |     1 ||     3
       Potion            |     1 |       ||     1
 Stab: Sleeping          |    11 |     1 ||    12
  Eat: Chunk             |     3 |       ||     3
       Ration            |     1 |       ||     1
Armor: Robe              |    20 |     1 ||    21
Dodge: Dodged            |    61 |    18 ||    79

Table legend:
 A = Non-vault XP
 B = Vault XP
 C = Vault XP percentage of total XP
 D = Non-vault monster count
 E = Vault monster count
 F = Vault count percentage of total count
                 A         B        C        D         E       F
            +---------+---------+-------+---------+---------+-------
      Total |     132 |       0 |   0.0 |      40 |       0 |   0.0
            +---------+---------+-------+---------+---------+-------
        D:1 |      45 |       0 |   0.0 |      23 |       0 |   0.0
        D:2 |      87 |       0 |   0.0 |      17 |       0 |   0.0
            +---------+---------+-------+---------+---------+-------

Levels and vault maps discovered:
D:1:      dpeg_arrival_shrine, layout_loops_corners, serial_bayou_pond_d
D:2:      wander_river, layout_basic, lemuel_round_altar, serial_rivers,
          chequers_serial_rivers_micro_d, chequers_serial_rivers_micro_b,
          chequers_serial_rivers_micro_c, chequers_serial_rivers_small_a,
          chequers_serial_rivers_micro_a

Table legend:
 A = Turns spent in this place as a percentage of turns spent in the entire game.
 B = Non-inter-level travel turns spent in this place as a percentage of non-inter-level travel turns spent in the entire game.
 C = Inter-level travel turns spent in this place as a percentage of turns spent in this place.
 D = Turns resting spent in this place as a percentage of non-inter-level travel turns spent in this place.
 E = Turns spent auto-exploring this place as a percentage of non-inter-level travel turns spent in this place.
 F = Non-inter-level travel turns spent in this place divided by the number of levels of this place that you've seen.
                   A       B       C       D       E      F
               +-------+-------+-------+-------+-------+----------------------
         Total | 100.0 | 100.0 |   4.5 |  41.9 |  42.9 | 1259.0
       Dungeon | 100.0 | 100.0 |   4.5 |  41.9 |  42.9 | 1259.0
               +-------+-------+-------+-------+-------+----------------------

Table legend:
 A = Kills in this place as a percentage of kills in entire the game.
 B = Kills by you in this place as a percentage of kills by you in the entire game.
 C = Kills by friends in this place as a percentage of kills by friends in the entire game.
 D = Other kills in this place as a percentage of other kills in the entire game.
 E = Experience gained in this place as a percentage of experience gained in the entire game.
 F = Experience gained in this place divided by the number of levels of this place that you have seen.
                   A       B       C       D       E      F
               +-------+-------+-------+-------+-------+----------------------
         Total | 100.0 | 100.0 |   N/A |   N/A | 100.0 |  66.0
       Dungeon | 100.0 | 100.0 |   N/A |   N/A | 100.0 |  66.0
               +-------+-------+-------+-------+-------+----------------------
